Map: Línea Aguablanca EE

Players

MrFercho - Winner!

  • Race: Zerg Zerg
  • League: Gold
  • Spawn Location: 7:00

tigro - Winner!

  • Race: Terran Terran
  • League: Bronze
  • Spawn Location: 7:00

TATORREA - Winner!

  • Race: Protoss Protoss
  • League: Gold
  • Spawn Location: 6:00

larry

  • Race: Terran Terran
  • Spawn Location: 1:00

Heihei

  • Race: Protoss Protoss
  • Spawn Location: 1:00

TonyStark

  • Race: Terran Terran
  • Spawn Location: 12:00

VOD

Have the link to the VOD?

Description

Time

  • Played on: July 23, 2020, 8:38 p.m.
  • Length: 11:03
Show
View Real Time Build Order
Export as new Build Order

MrFercho Zerg - Winner!

Build Orders: Hatch First 

Get SALT Encoding   

  12  0:01  Drone  
  13  0:13  Overlord  
  13  0:18  Drone  
  14  0:32  Drone x2  
  16  1:02  Drone x3  
  19  1:05  Extractor  
  19  1:09  Hatchery  
  17  1:18  Spawning Pool  
  17  1:21  Drone  
  17  1:25  Drone  
  18  1:35  Drone  
  19  1:49  Drone  
  20  1:57  Overlord  
  20  2:08  Metabolic Boost  
  20  2:19  Drone x2  
  20  2:22  Queen x2  
  24  2:24  Zergling x2  
  27  2:31  Zergling x2  
  27  2:34  Drone  
  29  2:42  Drone  
  29  2:43  Drone  
  31  2:50  Drone  
  32  2:58  Drone  
  32  3:01  Lair  
  32  3:03  Drone  
  35  3:05  Drone  
  35  3:17  Drone  
  35  3:18  Hatchery  
  35  3:19  Drone  
  36  3:23  Overlord  
  36  3:35  Baneling Nest  
  36  3:41  Drone  
  36  3:42  Drone x3  
  39  3:58  Drone x4  
  43  4:13  Extractor  
  43  4:14  Extractor, Zergling x2  
  43  4:15  Zergling x4  
  44  4:23  Overlord x4  
  44  4:33  Zergling x10  
  44  4:38  Drone  
  50  4:50  Queen  
  50  4:52  Drone x5  
  57  4:53  Drone x4  
  57  4:57  Centrifical Hooks  
  61  5:03  Hydralisk Den  
  60  5:08  Baneling  
  60  5:09  Baneling x2  
  60  5:17  Drone x2  
  60  5:18  Drone x3  
  60  5:19  Drone x2  
  67  5:25  Extractor, Queen  
  67  5:27  Drone x3  
  71  5:28  Drone  
  71  5:29  Drone x2  
  74  5:39  Zergling x2  
  74  5:40  Zergling x6  
  78  6:01  Muscular Augments  
  78  6:02  Zergling x8  
  82  6:08  Extractor  
  74  6:49  Baneling x4  
  74  6:50  Hydralisk  
  74  6:51  Hydralisk x3  
  74  6:53  Overlord x2  
  74  6:54  Overlord x2  
  82  7:12  Grooved Spines  
  82  7:13  Drone x2  
  82  7:14  Drone  
  85  7:16  Hydralisk  
  85  7:17  Hydralisk x8  
  103  7:28  Evolution Chamber  
  102  7:30  Evolution Chamber  
  101  7:37  Spire  
  101  7:38  Extractor, Drone  
  101  7:39  Drone x3  
  101  7:40  Drone  
  101  7:41  Drone x2  
  101  7:42  Drone  
  101  8:17  Infestation Pit  
  98  8:20  Lurker Den, Zerg Missile Weapons Level 1  
  98  8:23  Zerg Melee Weapons Level 1  
  98  8:26  Hydralisk x5  
  98  8:47  Hydralisk  
  98  8:48  Hydralisk x6  
  81  8:59  Zergling x4  
  81  9:00  Zergling x22  
  80  9:08  Spine Crawler  
  79  9:13  Hive  
  75  9:21  Baneling x6  
  75  9:22  Zergling x2  
  75  9:23  Zergling x12  
  74  9:43  Drone x10  
  84  9:59  Queen  
  79  10:11  Hydralisk x10  
  94  10:24  Overseer  
  94  10:25  Overseer x2  
Show
View Real Time Build Order
Export as new Build Order

tigro Terran - Winner!

Build Orders:  

Get SALT Encoding   

  12  0:01  SCV  
  13  0:16  Supply Depot  
  13  0:18  SCV  
  14  0:30  SCV  
  15  0:44  Barracks  
  15  0:46  SCV  
  16  0:56  Refinery  
  16  0:58  SCV  
  17  1:10  SCV  
  18  1:16  Engineering Bay  
  18  1:22  SCV  
  19  1:31  Marine  
  20  1:44  Refinery  
  20  1:49  Marine  
  21  1:58  Supply Depot  
  21  2:07  Marine  
  22  2:15  Factory, SCV  
  23  2:25  Marine  
  23  2:27  SCV  
  23  2:29  Barracks  
  25  2:39  SCV  
  25  2:42  Marine  
  27  2:51  SCV  
  28  3:00  Factory Tech Lab  
  29  3:06  Orbital Command  
  28  3:16  Barracks Tech Lab  
  28  3:17  Barracks Reactor  
  28  3:30  Siege Tank  
  28  3:33  Command Center  
  31  3:37  Combat Shield  
  31  3:40  Terran Infantry Weapons Level 1  
  31  4:43  Starport  
  31  4:48  Refinery  
  31  4:51  SCV  
  32  4:56  Stimpack  
  32  5:01  Marine x3  
  32  5:03  SCV  
  36  5:10  Siege Tank  
  39  5:15  SCV  
  39  5:19  Marine x3, Refinery  
  43  5:27  SCV  
  44  5:28  Medivac  
  44  5:34  Terran Infantry Armor Level 1  
  46  5:36  Marine  
  46  5:37  Marine x2  
  46  5:39  SCV  
  50  5:52  Missile Turret, SCV  
  50  5:54  Marine  
  50  5:55  Marine  
  53  6:04  SCV  
  54  6:10  Starport Tech Lab  
  54  6:21  Missile Turret  
  54  6:33  Fusion Core  
  54  6:37  SCV  
  55  6:43  Missile Turret  
  55  6:49  SCV  
  57  7:01  SCV  
  57  7:13  SCV  
  58  7:17  Missile Turret  
  58  7:22  Armory  
  58  7:23  Supply Depot  
  58  7:25  SCV  
  58  7:28  Hi-Sec Auto Tracking  
  59  7:37  SCV  
  59  7:42  Weapon Refit  
  60  7:49  SCV  
  60  7:50  Starport  
  60  7:51  Missile Turret  
  61  8:01  SCV  
  61  8:05  Marine x3  
  63  8:12  Missile Turret  
  65  8:14  SCV  
  66  8:23  Marine x3  
  66  8:25  Neosteel Armor  
  64  8:40  Marine  
  64  8:41  Marine x2  
  64  8:58  Marine  
  64  8:59  Marine x2  
  63  9:16  Marine x3  
  66  9:22  Rapid Reignition System  
  61  9:34  Marine x3  
  60  9:49  Starport Tech Lab  
  60  9:51  Medivac  
  60  9:52  Marine x3  
  65  10:10  Marine x3  
  68  10:27  Marine  
  68  10:28  Marine  
  70  10:43  Marine  
Show
View Real Time Build Order
Export as new Build Order

TATORREA Protoss - Winner!

Build Orders: 1 Gate Expand 

Get SALT Encoding   

  12  0:01  Probe  
  13  0:13  Probe  
  14  0:24  Pylon  
  14  0:28  Probe  
  15  0:42  Probe  
  16  0:50  Gateway  
  16  0:54  Probe  
  17  1:01  Assimilator  
  17  1:06  Probe  
  18  1:30  Probe  
  19  1:42  Nexus  
  19  1:46  Probe  
  20  1:47  Cybernetics Core  
  20  1:56  Pylon  
  20  1:58  Probe  
  20  1:59  Assimilator  
  21  2:02  Zealot  
  23  2:20  Probe  
  24  2:32  Probe  
  25  2:45  Probe  
  25  2:46  Warp Gate  
  25  2:48  Stalker  
  28  2:54  Probe  
  28  2:57  Probe  
  30  3:06  Probe, Stargate  
  30  3:11  Pylon  
  31  3:15  Probe  
  31  3:16  Pylon  
  31  3:19  Probe  
  33  3:23  Stalker  
  33  3:26  Probe  
  35  3:29  Probe  
  35  3:30  Pylon  
  37  3:34  Assimilator  
  37  3:35  Probe  
  37  3:37  Probe  
  37  3:39  Assimilator  
  38  3:43  Probe  
  38  3:46  Probe  
  41  3:58  Fleet Beacon, Probe  
  41  3:59  Probe  
  43  4:10  Probe  
  43  4:12  Probe  
  43  4:16  Stalker  
  47  4:20  Phoenix  
  47  4:22  Probe  
  50  4:26  Probe  
  51  4:34  Probe  
  52  4:39  Probe  
  52  4:45  Oracle  
  56  4:46  Probe  
  56  4:51  Probe  
  58  5:05  Nexus  
  58  5:08  Pylon  
  58  5:10  Pylon  
  58  5:16  Probe x2  
  60  5:28  Probe x2  
  62  5:29  Stargate  
  62  5:31  Tempest, Stargate  
  62  5:32  Forge  
  67  5:50  Probe x2  
  69  6:01  Assimilator  
  69  6:02  Probe x2  
  71  6:05  Assimilator  
  71  6:13  Tempest  
  71  6:14  Probe x2  
  75  6:26  Tempest, Carrier, Probe x2  
  75  6:31  Probe  
  89  6:38  Probe x2  
  91  6:43  Probe  
  92  6:51  Probe x2  
  94  6:56  Tempest  
  99  7:24  Pylon  
  99  7:26  Pylon  
  99  7:30  Probe  
  99  7:31  Probe  
  99  7:34  Nexus  
  101  7:37  Pylon  
  101  7:39  Pylon  
  101  7:41  Pylon  
  101  7:42  Carrier, Probe  
  108  7:44  Carrier  
  108  7:46  Pylon  
  114  7:55  Tempest  
  114  7:58  Cybernetics Core  
  119  8:06  Protoss Air Weapons Level 1  
  103  8:56  Tempest, Carrier x2  
  103  9:00  Probe x3  
  103  9:01  Probe  
  111  9:12  Probe x3  
  112  9:38  Tempest  
  117  10:00  Tempest  
  134  10:57  Assimilator  
  138  11:02  Assimilator  
Show
View Real Time Build Order
Export as new Build Order

larry Terran 

Build Orders:  

Get SALT Encoding   

  12  0:02  SCV  
  13  0:21  SCV  
  14  0:22  Supply Depot  
  14  0:33  SCV  
  15  0:45  SCV  
  15  0:47  Barracks  
  16  0:57  SCV  
  16  1:01  Engineering Bay  
  17  1:06  Refinery  
  17  1:09  SCV  
  18  1:13  Refinery  
  18  1:21  SCV  
  19  1:33  SCV  
  19  1:36  Supply Depot  
  20  1:41  Missile Turret  
  20  1:54  SCV  
  21  2:01  Missile Turret  
  21  2:05  Supply Depot  
  21  2:06  SCV  
  22  2:08  Marine  
  23  2:18  SCV  
  24  2:23  Barracks  
  24  2:26  Marine  
  25  2:44  Marine  
  25  2:46  Orbital Command  
  26  3:00  Hi-Sec Auto Tracking, Missile Turret  
  26  3:02  Marine  
  27  3:12  Barracks  
  27  3:19  Marine  
  27  3:26  Barracks Tech Lab  
  28  3:37  Marine  
  29  3:46  Supply Depot  
  29  3:51  Combat Shield  
  29  3:53  Marine  
  29  3:55  Marine  
  31  3:57  Terran Infantry Weapons Level 1  
  31  4:04  Barracks Reactor, Supply Depot  
  31  4:11  Marine  
  33  4:19  Barracks Reactor  
  32  4:29  Marine  
  33  4:46  Marine  
  33  4:49  Missile Turret  
  33  4:51  Supply Depot  
  34  5:04  Marine  
  34  5:05  Factory  
  35  5:08  Command Center  
  35  5:18  Missile Turret  
  35  5:22  Marine  
  36  5:40  Marine  
  37  5:45  Missile Turret  
  37  5:51  Terran Infantry Armor Level 1  
  37  5:52  Armory  
  37  5:54  Factory Tech Lab  
  37  5:58  Marine  
  38  6:13  Missile Turret  
  38  6:24  Missile Turret  
  37  6:31  Planetary Fortress  
  37  6:41  Supply Depot  
  37  7:00  Siege Tank  
  40  7:04  Supply Depot  
  40  7:09  Missile Turret  
  40  7:11  SCV  
  41  7:15  Marine  
  41  7:20  Marine x2  
  44  7:23  SCV  
  45  7:31  Supply Depot  
  45  7:33  Marine  
  45  7:35  SCV  
  47  7:45  Terran Infantry Weapons Level 2, Marine x2  
  47  7:47  SCV  
  50  7:51  Marine  
  49  7:58  Missile Turret  
  49  7:59  SCV  
  49  8:03  Marine x2  
  52  8:09  Marine  
  52  8:11  SCV  
  54  8:21  Marine x2  
  54  8:23  SCV  
  57  8:27  Marine  
  41  8:35  SCV  
Show
View Real Time Build Order
Export as new Build Order

Heihei Protoss 

Build Orders:  

Get SALT Encoding   

  1  0:00  Probe  
  13  0:08  Probe  
  14  0:19  Pylon  
  14  0:24  Probe  
  15  0:39  Gateway  
  15  0:51  Probe  
  16  0:57  Assimilator  
  16  1:04  Forge  
  16  1:06  Pylon  
  16  1:13  Probe  
  17  1:26  Probe  
  17  1:27  Zealot  
  20  1:38  Probe  
  21  1:50  Probe  
  21  1:51  Cybernetics Core  
  22  1:55  Zealot  
  22  1:58  Probe  
  24  2:06  Assimilator, Probe  
  26  2:18  Probe  
  26  2:21  Pylon  
  26  2:22  Zealot  
  29  2:29  Shield Battery  
  29  2:33  Photon Cannon  
  29  2:42  Photon Cannon  
  29  2:55  Stargate  
  29  3:17  Nexus  
  29  3:24  Assimilator  
  30  3:27  Probe  
  30  3:37  Assimilator  
  30  3:39  Probe  
  31  3:51  Probe  
  31  3:53  Void Ray  
  36  4:08  Pylon  
  36  4:09  Pylon  
  36  4:12  Pylon  
  36  4:19  Pylon  
  36  4:20  Probe  
  37  4:32  Probe  
  38  4:41  Probe  
  39  4:49  Probe  
  39  4:56  Void Ray  
  44  5:04  Fleet Beacon  
  44  5:15  Pylon  
  44  5:21  Pylon  
  44  5:22  Pylon  
  44  5:26  Pylon  
  44  5:30  Pylon  
  44  5:36  Pylon  
  44  5:45  Void Ray  
  48  5:55  Probe  
  49  6:07  Probe  
  50  6:19  Probe  
  51  6:32  Probe  
  52  6:34  Void Ray  
  56  6:42  Stargate  
  56  6:44  Stargate  
  56  6:48  Stargate  
  56  6:52  Stargate  
  56  6:57  Probe  
  57  7:09  Probe  
  58  7:21  Probe  
  59  7:33  Probe  
  59  7:35  Carrier  
  66  7:46  Probe  
  66  7:47  Tempest  
  66  7:50  Tempest  
  77  7:58  Probe  
  78  8:10  Probe  
  63  8:22  Tempest x2, Probe  
  74  8:34  Probe  
  74  8:40  Tempest  
  74  8:41  Tempest  
  71  8:48  Tempest  
  79  9:11  Tempest  
  79  9:13  Tempest  
Show
View Real Time Build Order
Export as new Build Order

TonyStark Terran 

Build Orders: Command Center First (CC) 

Get SALT Encoding   

  12  0:02  SCV  
  13  0:18  SCV  
  14  0:31  SCV  
  15  0:56  Command Center  
  15  1:00  Supply Depot  
  15  1:21  SCV  
  16  1:32  Barracks  
  16  1:33  SCV  
  17  1:46  SCV  
  18  1:58  SCV  
  19  2:10  Supply Depot, SCV  
  20  2:18  Refinery  
  20  2:19  Refinery  
  20  2:21  Marine  
  20  2:22  SCV  
  22  2:26  SCV  
  23  2:34  SCV  
  24  2:38  Marine, SCV  
  26  2:46  SCV  
  26  2:50  SCV  
  28  2:56  Marine  
  30  2:58  SCV  
  30  3:02  SCV  
  31  3:10  SCV  
  32  3:14  Marine  
  32  3:15  SCV  
  32  3:19  Factory  
  34  3:22  SCV  
  35  3:32  Marine  
  35  3:33  SCV  
  37  3:34  SCV  
  38  3:45  SCV  
  39  3:51  SCV  
  40  3:57  SCV  
  40  3:59  Refinery  
  40  4:00  Refinery  
  41  4:03  Barracks Tech Lab, SCV  
  41  4:04  Factory Tech Lab  
  41  4:09  SCV  
  43  4:13  Starport  
  43  4:15  SCV  
  44  4:21  SCV  
  45  4:26  Supply Depot  
  45  4:27  Supply Depot, SCV  
  46  4:48  Marauder, Siege Tank  
  51  5:02  Starport  
  51  5:03  Medivac  
  53  5:10  Marauder  
  55  5:14  SCV  
  55  5:19  SCV  
  55  5:20  Siege Tank  
  60  5:29  SCV  
  60  5:33  Orbital Command  
  61  5:41  SCV  
  62  6:11  Supply Depot  
  62  6:32  Medivac x2, Marine, Widow Mine, SCV  
  70  7:03  Supply Depot  
  70  7:11  Orbital Command  
  70  7:15  Starport Tech Lab x2  
  70  7:24  Marine  
  70  7:25  Supply Depot, Widow Mine  
  73  7:41  Supply Depot  
  73  7:42  Marine  
  74  7:46  Widow Mine  
  74  7:47  Supply Depot  
  76  8:04  Supply Depot  
  76  8:10  Supply Depot  
  76  8:11  Banshee x2  
  82  8:14  Cloaking Field  
  82  8:15  Hyperflight Rotors  
  79  8:54  Banshee  
  73  9:47  Banshee  
  73  9:48  Banshee  
  76  10:31  Viking  
Tags
 
Add a new tag
Caveats
  • Supply blocks, unpowered buildings, or Contaminate may cause inaccurate times.
  • Supply counts are checked every 10 seconds.